 Dungeon Crawl Stone Soup version 0.30-a0-702-gdf48620a09 (webtiles) character file.

Game seed: 10325922657719227487

134 zinnoa the Chopper (level 5, -2/43 HPs)
             Began as a Gnoll Reaver on Jan 22, 2023.
             Slain by a worm (7 damage)
             ... on level 3 of the Dungeon.
             The game lasted 00:08:35 (1831 turns).

zinnoa the Chopper (Gnoll Reaver)                   Turns: 1831, Time: 00:08:35

Health: -2/43      AC:  5    Str: 13    XL:     5   Next: 17%
Magic:  8/12       EV: 11    Int: 12    God:
Gold:   88         SH:  0    Dex: 11    Spells: 7/14 levels left

rFire   . . .      SeeInvis .    a - +0 hand axe
rCold   . . .      Faith    .    f - orb {light}
rNeg    . . .      Spirit   .    m - +0 ring mail
rPois   .          Reflect  .    (no helmet)
rElec   .          Harm     .    (no cloak)
rCorr   .          Rampage  .    (no gloves)
Will    +....                    (no boots)
Stlth   +                        (no amulet)
HPRegen 0.27/turn                k - ring of willpower
MPRegen 0.13/turn                (no ring)

@: glowing
A: fangs 1, strong nose, distributed training
a: no special abilities


You were on level 3 of the Dungeon.
You visited 1 branch of the dungeon, and saw 3 of its levels.

You collected 121 gold pieces.
You spent 33 gold pieces at shops.

Inventory:

Hand Weapons
 a - a +0 hand axe (weapon)
Armour
 b - a +0 leather armour
 f - an orb of light (worn)
 m - a +0 ring mail (worn)
Jewellery
 k - a ring of willpower (left hand)
Scrolls
 c - 6 scrolls of identify {unknown}
 g - a scroll of butterflies {unknown}
 h - 2 scrolls of fear {unknown}
 j - a scroll of fog {unknown}
 l - a scroll of noise {unknown}
 p - a scroll of poison {unknown}
Potions
 d - a potion of brilliance {unknown}
 e - a potion of mutation {unknown}
 i - a potion of ambrosia {unknown}
 n - a potion of curing
 o - 3 potions of might {unknown}
 q - a potion of flight {unknown}


   Skills:
 + Level 4.7 Fighting
 + Level 1.4 Short Blades
 + Level 1.4 Long Blades
 + Level 6.7 Axes
 + Level 1.4 Maces & Flails
 + Level 1.4 Polearms
 + Level 1.4 Staves
 + Level 1.4 Ranged Weapons
 + Level 1.4 Throwing
 + Level 1.4 Armour
 + Level 4.7 Dodging
 + Level 1.4 Stealth
 + Level 1.4 Shields
 + Level 1.4 Unarmed Combat
 + Level 5.2 Spellcasting
 + Level 5.5 Conjurations
 + Level 1.1 Hexes
 + Level 1.1 Summonings
 + Level 1.1 Necromancy
 + Level 1.1 Translocations
 + Level 1.1 Transmutations
 + Level 1.1 Fire Magic
 + Level 1.1 Ice Magic
 + Level 1.1 Air Magic
 + Level 1.1 Earth Magic
 + Level 1.1 Poison Magic
 + Level 1.6 Invocations
 + Level 1.4 Evocations


You had 7 spell levels left.
You knew the following spells:

 Your Spells              Type           Power      Damage    Failure   Level
a - Kiss of Death         Conj/Necr      44%        2d8       11%         1
b - Momentum Strike       Conj/Tloc      22%        3d8       16%         2
c - Shock                 Conj/Air       44%        1d5       11%         1
d - Swiftness             Air            5%         N/A       61%         3

Your spell library contained the following spells:

 Spells                   Type           Power      Damage    Failure   Level
 Hailstorm                Conj/Ice       11%        3d5       32%         3
 Inner Flame              Hex/Fire       5%         N/A       61%         3
 Flame Wave               Conj/Fire      11%        2d6       71%         4
 Sticky Flame             Conj/Fire      11%        2d3       71%         4
 Airstrike                Air            2%         2d(1-17)  95%         4
 Alistair's Intoxication  Tmut/Pois      3%         N/A       100%        5
 Borgnjor's Vile Clutch   Necr/Erth      2%         N/A       100%        5
 Eringya's Noxious Bog    Tmut/Pois      2%         N/A       100%        6


Dungeon Overview and Level Annotations

Branches:
Dungeon (3/15)

Altars:

Shops:
D:3 !


Innate Abilities, Weirdness & Mutations

You have very sharp teeth.
Your uncanny sense of smell can sniff out nearby items.
Your experience applies equally to all skills.


Message History

The orc priest hits you but does no damage.
The orc closely misses you.
Casting: Momentum Strike (safe; 17% risk of failure)
Confirm with . or Enter, or press ? or * to list all spells.
Okay, then.
Casting: Momentum Strike (safe; 17% risk of failure)
Confirm with . or Enter, or press ? or * to list all spells.
Okay, then.
Unknown command.
Casting: Momentum Strike (safe; 17% risk of failure)
Confirm with . or Enter, or press ? or * to list all spells.
Aiming: Momentum Strike (safe; 17% risk of failure)
Press: ? - help, Dir - move target, f/p - orc priest
Aim: an orc priest, wielding a +0 club (lightly wounded, haloed, 79% to hit)
The concentrated momentum hits the orc priest!
You kill the orc priest!
You are unable to move.
The orc hits you with a +0 flail. The worm bites you!
* * * LOW HITPOINT WARNING * * *
You have reached level 5!
Casting: Momentum Strike (safe; 16% risk of failure)
Confirm with . or Enter, or press ? or * to list all spells.
Okay, then.
You feel better. The orc barely misses you. The worm closely misses you.
You hit the orc.
You kill the orc!
You hit the worm but do no damage. You hit the worm but do no damage.
The worm barely misses you.
You hit the worm.
The worm is lightly wounded.
You hit the worm. You bite the worm, but do no damage.
The worm is lightly wounded.
You are no longer robbed of momentum.
The worm bites you!
* * * LOW HITPOINT WARNING * * *
You hit the worm.
The worm is moderately wounded.
You slash the worm!
The worm is severely wounded.
The worm bites you!
You die...

#.......# #.......#
#....... #......
#.....# #.....# .
#..)w.#.... #..@)...#
####.#####...... ..#
# #........+......
.....
##.##.##.#.....#
#.... #.##.##.#.....+
+.... #....##.#.....#
#....
####.##.#.....######.
##>................
#..........###..###


You could see a worm.

Vanquished Creatures
  An orc priest (D:3)
  4 adders
  A worm (D:2)
  2 dart slugs
  3 orcs (D:3)
  7 ball pythons
  5 endoplasms
  A giant cockroach (D:2)
  2 goblins
  2 hobgoblins (D:1)
  7 jackals
  5 kobolds
  3 quokkas (D:1)
  3 bats
  4 frilled lizards
  6 rats
56 creatures vanquished.

Notes
Turn   | Place    | Note
-------+----------+-------------------------------------------
     0 | D:1      | zinnoa the Gnoll Reaver began the quest for the Orb.
     0 | D:1      | Reached XP level 1. HP: 20/20 MP: 6/6
   179 | D:1      | Reached XP level 2. HP: 18/26 MP: 7/7
   214 | D:1      | Learned a level 2 spell: Momentum Strike
   267 | D:1      | Found a faded altar of an unknown god.
   602 | D:1      | Reached skill level 5 in Spellcasting
   602 | D:1      | Reached XP level 3. HP: 31/31 MP: 7/9
   723 | D:1      | Reached skill level 1 in Invocations
   924 | D:2      | Reached skill level 1 in Short Blades
   924 | D:2      | Reached skill level 1 in Long Blades
   924 | D:2      | Reached skill level 1 in Maces & Flails
   924 | D:2      | Reached skill level 1 in Polearms
   924 | D:2      | Reached skill level 1 in Staves
   924 | D:2      | Reached skill level 1 in Ranged Weapons
   924 | D:2      | Reached skill level 1 in Throwing
   924 | D:2      | Reached skill level 1 in Armour
   924 | D:2      | Reached skill level 1 in Stealth
   924 | D:2      | Reached skill level 1 in Shields
   924 | D:2      | Reached skill level 1 in Unarmed Combat
   924 | D:2      | Reached skill level 1 in Evocations
  1075 | D:2      | Reached XP level 4. HP: 31/38 MP: 11/11
  1160 | D:2      | Reached skill level 1 in Hexes
  1160 | D:2      | Reached skill level 1 in Summonings
  1160 | D:2      | Reached skill level 1 in Necromancy
  1160 | D:2      | Reached skill level 1 in Translocations
  1160 | D:2      | Reached skill level 1 in Transmutations
  1160 | D:2      | Reached skill level 1 in Fire Magic
  1160 | D:2      | Reached skill level 1 in Ice Magic
  1160 | D:2      | Reached skill level 1 in Air Magic
  1160 | D:2      | Reached skill level 1 in Earth Magic
  1160 | D:2      | Reached skill level 1 in Poison Magic
  1218 | D:2      | Learned a level 1 spell: Shock
  1222 | D:2      | Learned a level 3 spell: Swiftness
  1563 | D:3      | Found Heogros's Distillery.
  1769 | D:3      | Bought a potion of curing for 33 gold pieces
  1825 | D:3      | Reached XP level 5. HP: 7/43 MP: 7/12
  1831 | D:3      | Slain by a worm

Illustrated notes

Levels and vault maps discovered:
D:1:      noname_arrival_rooms_in_the_neighbourhood, layout_basic,
          hellmonk_ecumenical_altar_pennies_from_heaven
D:2:      layout_rooms
D:3:      layout_basic, okawaru_altar_gauntlet_db, serial_shops,
          nicolae_shop_trees, grunt_ministairs_10

Skill      XL: |  1  2  3  4 |
---------------+-------------+-----
Spellcasting   | 5 |  5.2
Invocations    | 1 |  1.6
Short Blades   | 1 |  1.4
Long Blades    | 1 |  1.4
Maces & Flails | 1 |  1.4
Polearms       | 1 |  1.4
Staves         | 1 |  1.4
Ranged Weapons | 1 |  1.4
Throwing       | 1 |  1.4
Armour         | 1 |  1.4
Stealth        | 1 |  1.4
Shields        | 1 |  1.4
Unarmed Combat | 1 |  1.4
Evocations     | 1 |  1.4
Hexes          | 1 |  1.1
Summonings     | 1 |  1.1
Necromancy     | 1 |  1.1
Translocations | 1 |  1.1
Transmutations | 1 |  1.1
Fire Magic     | 1 |  1.1
Ice Magic      | 1 |  1.1
Air Magic      | 1 |  1.1
Earth Magic    | 1 |  1.1
Poison Magic   | 1 |  1.1
Fighting       | |  4.7
Axes           | |  6.7
Dodging        | |  4.7
Conjurations   | |  5.5

Action                   |  1- 3 |  4- 6 || total
-------------------------+-------+-------++-------
Melee: Hand axe          |    85 |    42 ||   127
       Bite              |    10 |     6 ||    16
 Cast: Momentum Strike   |       |     3 ||     3
       Shock             |       |     1 ||     1
  Use: Potion            |       |     1 ||     1
Armor: Leather armour    |    12 |     2 ||    14
       Ring mail         |       |     6 ||     6
Dodge: Dodged            |    61 |    25 ||    86

Table legend: (Time is in decaauts)
 A = Elapsed time spent in this place.
 B = Non-inter-level travel time spent in this place.
 C = Inter-level travel time spent in this place.
 D = Time resting spent in this place.
 E = Time spent auto-exploring this place.
 F = Levels seen in this place.
 G = Mean time per level.
                   A        B        C        D        E       F      G
               +--------+--------+--------+--------+--------+-----+--------+
         Total |   1828 |   1805 |     23 |    332 |   1032 |   3 |  609.3 |
       Dungeon |   1828 |   1805 |     23 |    332 |   1032 |   3 |  609.3 |
               +--------+--------+--------+--------+--------+-----+--------+

Top non-repeatable levels by time:
     D:1: 912 daAuts
     D:2: 648 daAuts
     D:3: 267 daAuts
